[Event "41st BAN National Women Chess-ch 2022"]
[Site "Dhaka"]
[Date "2022.11.18"]
[Round "2.1"]
[White "Khan, Nazrana"]
[Black "Noshin, Anjum"]
[Result "1/2-1/2"]
[ECO "D24"]
[WhiteElo "1908"]
[BlackElo "1907"]
[Annotator "TA"]
[PlyCount "68"]
[EventDate "2022.11.17"]
[EventCountry "BAN"]
[SourceTitle "playchess.com"]
[Source "ChessBase"]
[SourceQuality "1"]
[TimeControl "40/5400+30:1800+30"]

1. d4 d5 2. c4 dxc4 3. Nf3 Nf6 4. Nc3 a6 5. a4 Nc6 6. e4 Bg4 7. d5 {[%emt 0:06:43] D24: Queen's Gambit Accepted: 3 Nf3 Nf6 4 Nc3.} Ne5 8. Be2 Bxf3 9. gxf3 {[%emt 0:00:30] The position is equal.} c6 {[%emt 0:06:30] [#]} 10. dxc6 $146 (10. Bf4 $11 {deserves consideration.} Qd6 11. dxc6 bxc6 12. O-O (12. Bxe5 Qxe5 13. Qd2 e6 $15)) ({Predecessor:} 10. f4 Nd3+ 11. Bxd3 cxd3 12. Qxd3 cxd5 13. e5 Nd7 14. Qxd5 Qc7 15. e6 fxe6 16. Qxe6 {0-1 (40) Bykhovsky,A (2496)-Wiebe,I (1997) Chess.com INT 2020}) 10... Qxd1+ $15 11. Kxd1 Rd8+ ({But not} 11... bxc6 12. Kc2 $11) 12. Kc2 Nxc6 13. Be3 Nd4+ 14. Bxd4 Rxd4 15. a5 (15. Rhd1 $11 {remains equal.} e5 16. f4) 15... e6 $17 16. Ra4 Bc5 17. Rd1 Rxd1 18. Nxd1 Bd6 19. Rxc4 {[%emt 0:00:44] [#] aiming for Rc8+.} Kd7 {[%emt 0:00:49] Against Rc8} 20. h3 Rc8 21. Kb3 Rxc4 22. Bxc4 {[%emt 0:01:10][%mdl 4096] Endgame KBN-KBN} Nh5 23. Ka4 Nf4 24. Bf1 Kc6 25. b4 f6 26. Ne3 Be5 27. Kb3 Bd4 28. Nd1 Ba7 29. Kc3 Kd6 30. Ne3 Kc6 31. Nd1 $1 Kd6 32. Ne3 Kc6 33. Nd1 $1 Kd6 34. Ne3 Ke5 $2 {[%emt 0:17:39][%mdl 40960] Weighted Error Value: White=0.09 (flawless) /Black=0.20 (precise) . An unexpected result.} (34... Kc7 $17) 1/2-1/2

[Event "41st BAN National Women Chess-ch 2022"]
[Site "Dhaka"]
[Date "2022.11.18"]
[Round "2.2"]
[White "Jannatul, Ferdous"]
[Black "Tasnia Tarannum, Orpa"]
[Result "1/2-1/2"]
[ECO "E61"]
[WhiteElo "1861"]
[BlackElo "1662"]
[Annotator "NA RC COMBH"]
[PlyCount "105"]
[EventDate "2022.11.17"]
[EventCountry "BAN"]
[SourceTitle "playchess.com"]
[Source "ChessBase"]
[SourceQuality "1"]
[TimeControl "40/5400+30:1800+30"]

1. d4 Nf6 2. Nf3 b6 3. Bf4 Bb7 4. e3 g6 5. Be2 Bg7 6. O-O O-O 7. c4 d6 8. Nc3 Nbd7 9. Qc2 Re8 10. Rfd1 Qc8 11. h3 Nh5 12. Bh2 Nhf6 13. Rac1 Bh8 14. a4 ({White should play} 14. a3 $16) 14... e5 (14... a5 $1 $11) 15. dxe5 dxe5 16. b4 (16. c5 $16) 16... a5 $1 17. b5 Re7 (17... Bg7 $11 {keeps the balance.}) 18. Nd2 (18. c5 $16 Nxc5 19. Nxe5) 18... Nc5 19. Nb3 Nfd7 20. Nd5 $1 Bxd5 ({Black should try} 20... Re8 $14) 21. Nxc5 ({Don't play} 21. Rxd5 $6 Nxa4 22. Bf3 Ndc5 $11) (21. cxd5 $16 Nxb3 22. Qxb3) 21... Nxc5 22. cxd5 Qd7 23. Bg3 Qd6 24. f3 Rd8 (24... Bg7 $11) 25. Bh4 (25. e4 $14) 25... Bf6 26. Be1 Ra8 27. Bg3 Rd8 (27... Bg5 $5 28. Bf2 f5 $11) 28. Be1 (28. Qc4 $14) 28... Ra8 29. h4 ({White should play} 29. e4 $11) 29... e4 30. f4 h5 31. Qa2 Rd7 32. g3 Qe7 33. Bc4 Rd6 34. Rc2 (34. Be2 $11) 34... Rdd8 (34... Rad8 $15) 35. Bd2 Qd7 36. Kh2 Qg4 37. Rf1 Nb7 ({Better is} 37... Rd7 $11) 38. Bc3 (38. Bc1 $1 $14) 38... Be7 $2 {[%emt 0:05:12] [#]} (38... Bxc3 $11 {and Black has nothing to worry.} 39. Rxc3 (39. Be2 Qf5 $15) 39... Qf5) 39. Be5 (39. Rg2 $1 $18) 39... Bd6 40. Bf6 Re8 {[%emt 0:00:47] [#]} (40... Nc5 $14) 41. Be2 (41. Rg2 $1 $18 {is the precise move to win.}) 41... Qd7 (41... Qf5 $16 42. Ba1 Kh7) 42. Qa1 Kh7 {[%emt 0:00:00] [#]} 43. Bc4 $2 (43. g4 $1 $18 ) 43... Nc5 44. Rd1 (44. f5 $1 $14) 44... Rg8 45. Be5 Rae8 46. Bf6 Bf8 47. Qa2 (47. d6 $1 $14) 47... Bd6 48. Qa1 Be7 49. Be5 Bd6 50. Bf6 Be7 51. Be5 $11 Bd6 52. Bf6 Be7 53. Bxe7 ({Better is} 53. d6 $1 $14 Bxd6 54. Rd5) 1/2-1/2

[Event "41st BAN National Women Chess-ch 2022"]
[Site "Dhaka"]
[Date "2022.11.18"]
[Round "2.3"]
[White "Hamid, Rani"]
[Black "Nusrat Jahan, Alo"]
[Result "1/2-1/2"]
[ECO "B12"]
[WhiteElo "1760"]
[BlackElo "1710"]
[Annotator "NA RC COMBH"]
[PlyCount "147"]
[EventDate "2022.11.17"]
[EventCountry "BAN"]
[SourceTitle "playchess.com"]
[Source "ChessBase"]
[SourceQuality "1"]
[TimeControl "40/5400+30:1800+30"]

1. e4 c6 2. d4 d5 3. e5 Bf5 4. Nf3 e6 5. c4 Bxb1 6. Rxb1 Qa5+ 7. Bd2 Qxa2 8. c5 b5 9. Bd3 Qa6 10. O-O g6 11. Ng5 Qb7 12. f4 Ne7 13. Rf3 h6 14. Rh3 Bg7 15. Nf3 Nd7 16. Ba5 Nf5 17. Qe2 a6 18. Ra1 Nf8 19. g4 Ne7 20. Be1 O-O-O 21. Nd2 Nd7 22. Bc2 Nb8 23. Rha3 Qd7 24. Nf1 f5 25. Ne3 g5 26. gxf5 exf5 27. Ng2 Qe6 28. Bg3 Rd7 29. Bd3 Ra7 30. Be1 Ng6 31. Qc2 Rf7 32. Bg3 Bf8 33. Rf1 Ne7 34. Ne3 Rg8 35. Kh1 g4 36. Bh4 Kb7 37. Bxe7 Qxe7 38. Nxf5 Qd8 39. Ng3 Be7 40. Bg6 Rff8 41. f5 Bh4 42. Qe2 Qg5 43. e6 Qf6 44. Qxg4 Bg5 45. Re1 Qe7 46. Re2 a5 47. Rxa5 Na6 48. Ra3 Nc7 49. Bf7 Rh8 50. b4 Ra8 51. Rea2 Rxa3 52. Rxa3 Na6 53. Qd1 Ra8 54. Qb1 Qf6 55. Qa1 Bf4 56. Qf1 Bg5 57. Ne2 Rf8 58. Qb1 Ra8 59. Bg6 Bd2 60. Rb3 Qh4 61. Ng3 Bxb4 62. Qf1 Qxd4 63. e7 Nc7 64. f6 Bxc5 65. Rb1 Qh4 66. e8=Q Nxe8 67. Bxe8 Rxe8 68. Rxb5+ cxb5 69. Qxb5+ Bb6 70. Qxe8 Qxf6 71. Qd7+ Ka6 72. Qxd5 Qf2 73. Qd1 Qe3 74. Qe2+ 1/2-1/2

[Event "41st BAN National Women Chess-ch 2022"]
[Site "Dhaka"]
[Date "2022.11.18"]
[Round "2.4"]
[White "Ahmed, Walijah"]
[Black "Talukder, Umme Taslima Protiva"]
[Result "1-0"]
[ECO "B78"]
[WhiteElo "1977"]
[BlackElo "1780"]
[Annotator "TA"]
[PlyCount "87"]
[EventDate "2022.11.17"]
[EventCountry "BAN"]
[SourceTitle "playchess.com"]
[Source "ChessBase"]
[SourceQuality "1"]
[TimeControl "40/5400+30:1800+30"]

1. e4 c5 2. Nf3 d6 3. d4 cxd4 4. Nxd4 Nf6 5. Nc3 g6 6. Be3 Bg7 7. f3 O-O 8. Qd2 Nc6 9. Bc4 Bd7 10. h4 h5 11. O-O-O Ne5 12. Bb3 Rc8 13. Bh6 Nc4 14. Bxc4 Rxc4 15. Bxg7 Kxg7 16. g4 Qa5 (16... hxg4 $11 17. h5 Rh8) 17. Nb3 $16 {[%emt 0:17:18] B78: Sicilian Dragon: Yugoslav Attack, 9 Bc4 Bd7 10 0-0-0 Rc8.} Qb4 18. e5 Ne8 (18... dxe5 $16 19. g5 Be6) 19. a3 $18 {[%emt 0:04:03] White has a decisive advantage.} Qb6 20. gxh5 {[%emt 0:00:43] [#]} Rh8 $146 (20... Bf5 {was worth a try.} 21. Nd4 Rxd4 22. Qxd4 Qxd4 23. Rxd4 dxe5) ({Predecessor:} 20... f6 21. hxg6 Rh8 22. h5 Rh6 23. Qd5 {1-0 (23) Glasbergerova,L (1203)-Havelkova,B (1468) Kouty nad Desnou 2020}) 21. hxg6 {[%emt 0:01:56] And now h5 would win.} fxg6 (21... Rh5 $142 22. exd6 Qxd6) 22. Qg5 Kf7 23. h5 gxh5 {[%emt 0:06:10] [#]} 24. Rh2 (24. Nd5 $142 $1 Qd8 25. Rdg1) 24... h4 {[#]} 25. Rxh4 $4 Rh7 $4 ({Don't play} 25... Rhxh4 {[#]} 26. Nd5 $1 Qd8 27. Na5 $1 dxe5 28. Nxc4 (28. Rg1 $2 Nf6 $19) 28... Rxc4 29. Qh5+ Kf8 30. Rg1 $18) (25... Rcxh4 $19 26. Nd5 Qd8) 26. Rh5 $2 (26. Rxh7+ {mates} Kf8 27. Qxe7+ Kg8 28. Qf7#) 26... Rxh5 $2 (26... Rg7 27. Qd2 Rg1) 27. Qxh5+ Kf8 28. Qh6+ Kf7 29. Qh5+ Kf8 {[%emt 0:00:00] [#]} 30. Nd4 $1 Rxd4 31. Qh8+ Kf7 {[%emt 0:00:00] White must now prevent ...Rxd1+.} 32. Rxd4 ({Weaker is} 32. e6+ Bxe6 33. Qxd4 Qxd4 34. Rxd4 Bd7 35. Rf4+ Kg6 $18) 32... Bf5 {[%emt 0:00:00] Prevents Qh7+.} 33. exd6 exd6 34. Qh5+ Bg6 35. Qd5+ Kg7 36. Ne4 Qc7 37. c4 Qe7 38. c5 Qc7 39. Nxd6 {[%emt 0:00:00] Threatening mate with Qe5+.} Nf6 40. Qxb7 Qxb7 41. Nxb7 Kf7 42. c6 {[%emt 0:00:10] White threatens c7 and mate.} Ke7 43. c7 Bf5 44. Nd6 {[%emt 0:00:09] White took control after the opening.  Weighted Error Value: White=1.47/Black=1.01} 1-0

[Event "41st BAN National Women Chess-ch 2022"]
[Site "Dhaka"]
[Date "2022.11.18"]
[Round "2.5"]
[White "Kazi Zarin, Tasnim"]
[Black "Wadifa, Ahmed"]
[Result "0-1"]
[ECO "C42"]
[WhiteElo "1860"]
[BlackElo "1656"]
[Annotator "NA RC COMBH"]
[PlyCount "32"]
[EventDate "2022.11.17"]
[EventCountry "BAN"]
[SourceTitle "playchess.com"]
[Source "ChessBase"]
[SourceQuality "1"]
[TimeControl "40/5400+30:1800+30"]

1. e4 e5 2. Nf3 Nf6 3. Nxe5 d6 4. Nf3 Nxe4 5. Bd3 Nf6 6. O-O Be7 7. c3 O-O 8. Bc2 d5 9. d4 h6 10. Re1 Re8 11. Bf4 c5 12. dxc5 Bxc5 13. Rxe8+ Qxe8 14. Be5 {[%emt 0:04:06] [#]} (14. Nbd2 $142) 14... Bxf2+ $1 15. Kxf2 $11 Ng4+ 16. Kf1 $2 (16. Kg1 $11 {and White stays safe.} Nxe5 17. Qxd5 Nxf3+ 18. Qxf3) 16... Ne3+ ({Weaker is} 16... Nxe5 17. Qxd5 Nxf3 18. Qxf3 $11) 0-1

[Event "41st BAN National Women Chess-ch 2022"]
[Site "Dhaka"]
[Date "2022.11.18"]
[Round "2.6"]
[White "Warsia, Khusbu"]
[Black "Sabiha, Marjana"]
[Result "1-0"]
[ECO "B07"]
[WhiteElo "1540"]
[BlackElo "1267"]
[Annotator "NA RC COMBH"]
[PlyCount "97"]
[EventDate "2022.11.17"]
[EventCountry "BAN"]
[SourceTitle "playchess.com"]
[Source "ChessBase"]
[SourceQuality "1"]
[TimeControl "40/5400+30:1800+30"]

1. e4 d6 2. d4 Nf6 3. Nc3 c6 4. Nf3 Qa5 5. Bd3 Bg4 6. h3 Bxf3 7. Qxf3 Nbd7 8. O-O e5 9. d5 cxd5 10. exd5 a6 11. a3 Be7 12. Be3 Qc7 13. Rfd1 Nc5 14. Bxc5 Qxc5 15. Ne4 Qb6 16. Nxf6+ Bxf6 17. Rab1 Qd8 18. c4 b6 19. b4 O-O 20. Rbc1 Be7 21. Rc3 g6 22. g4 Bf6 23. Be4 Rc8 24. Rdc1 Be7 25. Qg3 Bh4 26. Qf3 Qg5 27. Kh1 Qe7 28. R1c2 Rc7 29. Qe3 Rb8 30. c5 bxc5 31. bxc5 dxc5 32. Rxc5 Rb1+ 33. Kg2 Rxc5 34. Rxc5 Rb2 35. Bc2 Qd6 36. Qc3 Rb8 37. Be4 Be7 38. Rc6 Qxa3 39. Qxe5 Rd8 40. Qc7 Qb4 41. Bf3 a5 42. Rc4 Qe1 43. Re4 Qd2 44. Rxe7 Rf8 45. d6 Qg5 46. Re3 Qd8 47. Qe7 a4 48. d7 a3 49. Qxd8 1-0